[ AOE2 MATCH · #495280749 ]
UnrankedGurjaras vs Bohemians
Player's team · WIN
Rival team · LOSS
[ REPLAY ANALYSIS · EXTRACTED FROM THE RECORDED GAME ]
Feudal
8:50
Castle
19:01
Imperial
—
| APM avg | 59.3 |
| APM peak | 135 |
| eAPM avg | 24.7 |
| Villagers / military | 100 / 55 |
Focus
⚔️ 32.6% · 🌾 67.4%
Archer ×28 · Mangonel ×10 · Elephant Archer ×10 · Skirmisher ×4 · Shrivamsha Rider ×3
Feudal
9:35
Castle
22:42
Imperial
—
| APM avg | 59.7 |
| APM peak | 90 |
| eAPM avg | 24.0 |
| Villagers / military | 62 / 62 |
Focus
⚔️ 37.2% · 🌾 62.8%
Archer ×45 · Skirmisher ×11 · Militia ×3 · Mangonel ×3
Match map
Initial resources + every placement click. Lines = walls · curves = elevation contours. ◆ gold · ⬟ stone · ● berries · ✦ relic · ◌ wall gap
Your base· Open — unwalled flank
Yess Alang's base· Open — unwalled flank
Smoothed initial terrain · ◌ = detected wall gap · hover for details
Inputs per minute
— 復健中 - - Yess Alang
Build order — 復健中
First 150 of 283 actions detected
| 0:00 | Queue | Villager (Male) |
| 0:00 | Queue | Villager (Male) |
| 0:01 | Queue | Villager (Male) |
| 0:02 | Build | House |
| 0:05 | Build | House |
| 0:22 | Queue | Villager (Male) |
| 0:22 | Queue | Villager (Male) |
| 1:22 | Build | Mill |
| 1:27 | Queue | Villager (Male) |
| 1:27 | Queue | Villager (Male) |
| 1:58 | Queue | Villager (Male) |
| 1:58 | Queue | Villager (Male) |
| 2:21 | Queue | Villager (Male) |
| 2:38 | Queue | Villager (Male) |
| 2:39 | Queue | Villager (Male) |
| 3:18 | Queue | Villager (Male) |
| 3:18 | Queue | Villager (Male) |
| 3:18 | Queue | Villager (Male) |
| 3:27 | Build | House |
| 3:39 | Queue | Villager (Male) |
| 4:11 | Queue | Villager (Male) |
| 4:11 | Queue | Villager (Male) |
| 4:31 | Build | Lumber Camp |
| 4:43 | Queue | Villager (Male) |
| 4:43 | Queue | Villager (Male) |
| 4:47 | Build | Palisade Wall |
| 4:48 | Build | Palisade Wall |
| 5:06 | Queue | Villager (Male) |
| 5:06 | Queue | Villager (Male) |
| 5:13 | Queue | Villager (Male) |
| 5:40 | Queue | Villager (Male) |
| 6:05 | Build | Palisade Wall |
| 6:08 | Build | Palisade Wall |
| 6:34 | Build | Palisade Wall |
| 6:34 | Research | Feudal Age |
| 6:38 | Build | Palisade Wall |
| 6:40 | Build | Palisade Wall |
| 6:40 | Build | Palisade Wall |
| 6:41 | Build | Palisade Wall |
| 7:39 | Build | House |
| 7:58 | Build | Barracks |
| 8:00 | Build | Palisade Wall |
| 8:10 | Research | Loom |
| 8:47 | Queue | Villager (Male) |
| 8:50 | Age | Feudal Age |
| 9:09 | Build | Archery Range |
| 9:12 | Build | Archery Range |
| 9:15 | Build | House |
| 9:16 | Queue | Villager (Male) |
| 9:20 | Research | Double-Bit Axe |
| 9:34 | Queue | Villager (Male) |
| 9:44 | Build | Mining Camp |
| 9:55 | Build | Farm |
| 9:57 | Build | Farm |
| 10:04 | Build | House |
| 10:07 | Queue | Archer |
| 10:10 | Queue | Villager (Male) |
| 10:23 | Queue | Villager (Male) |
| 10:29 | Build | Farm |
| 10:38 | Queue | Villager (Male) |
| 11:12 | Build | Farm |
| 11:16 | Queue | Archer |
| 11:28 | Build | House |
| 11:32 | Queue | Villager (Male) |
| 11:40 | Build | Blacksmith |
| 11:50 | Build | Palisade Gate |
| 11:54 | Queue | Villager (Male) |
| 11:58 | Queue | Villager (Male) |
| 12:04 | Queue | Archer |
| 12:07 | Build | Farm |
| 12:20 | Build | Farm |
| 12:21 | Queue | Villager (Male) |
| 12:28 | Queue | Archer |
| 12:43 | Build | Farm |
| 12:53 | Queue | Archer |
| 12:58 | Build | Farm |
| 13:02 | Build | Farm |
| 13:09 | Queue | Villager (Male) |
| 13:19 | Build | House |
| 13:27 | Queue | Villager (Male) |
| 13:33 | Build | Farm |
| 13:43 | Queue | Archer |
| 13:50 | Build | Farm |
| 14:02 | Queue | Villager (Male) |
| 14:16 | Queue | Villager (Male) |
| 14:23 | Research | Fletching |
| 14:33 | Queue | Villager (Male) |
| 14:35 | Queue | Archer |
| 14:47 | Build | Farm |
| 15:10 | Queue | Villager (Male) |
| 15:11 | Queue | Archer |
| 15:23 | Build | Farm |
| 15:45 | Queue | Skirmisher |
| 15:48 | Queue | Villager (Male) |
| 15:59 | Build | House |
| 16:11 | Research | Castle Age |
| 16:11 | Research | Castle Age |
| 16:13 | Queue | Skirmisher |
| 16:22 | Build | Lumber Camp |
| 16:25 | Build | House |
| 16:26 | Build | House |
| 16:29 | Build | Palisade Wall |
| 16:30 | Build | Palisade Wall |
| 16:43 | Queue | Archer |
| 16:57 | Research | Padded Archer Armor |
| 16:59 | Research | Horse Collar |
| 17:06 | Build | House |
| 17:11 | Queue | Archer |
| 17:36 | Research | Gold Mining |
| 17:43 | Queue | Archer |
| 17:46 | Build | House |
| 18:09 | Queue | Archer |
| 18:24 | Queue | Skirmisher |
| 18:35 | Queue | Archer |
| 18:46 | Queue | Villager (Male) |
| 19:01 | Age | Castle Age |
| 19:03 | Research | Crossbowman (upgrade) |
| 19:04 | Research | Bodkin Arrow |
| 19:07 | Queue | Villager (Male) |
| 19:10 | Queue | Archer |
| 19:14 | Queue | Villager (Male) |
| 19:34 | Queue | Villager (Male) |
| 19:36 | Queue | Archer |
| 19:51 | Build | House |
| 19:54 | Build | House |
| 19:55 | Build | Palisade Wall |
| 19:58 | Build | Palisade Wall |
| 20:01 | Queue | Villager (Male) |
| 20:02 | Queue | Archer |
| 20:10 | Queue | Villager (Male) |
| 20:11 | Queue | Archer |
| 20:19 | Research | Bow Saw |
| 20:19 | Research | Bow Saw |
| 20:27 | Queue | Villager (Male) |
| 20:36 | Queue | Villager (Male) |
| 20:42 | Build | Siege Workshop |
| 20:45 | Queue | Archer |
| 20:48 | Build | Farm |
| 20:52 | Queue | Villager (Male) |
| 21:03 | Build | House |
| 21:04 | Build | House |
| 21:05 | Build | House |
| 21:10 | Queue | Villager (Male) |
| 21:14 | Queue | Archer |
| 21:20 | Research | Town Watch |
| 21:24 | Research | Town Watch |
| 21:47 | Queue | Villager (Male) |
| 21:53 | Queue | Archer |
| 21:57 | Queue | Villager (Male) |
| 22:02 | Queue | Archer |
Build order — Yess Alang
First 150 of 210 actions detected
| 0:01 | Queue | Villager (Male) |
| 0:02 | Build | House |
| 0:04 | Build | House |
| 0:18 | Queue | Villager (Male) |
| 0:44 | Queue | Villager (Male) |
| 1:24 | Queue | Villager (Male) |
| 1:43 | Queue | Villager (Male) |
| 1:56 | Build | House |
| 1:58 | Build | Mill |
| 2:08 | Queue | Villager (Male) |
| 2:39 | Queue | Villager (Male) |
| 2:45 | Build | House |
| 3:09 | Queue | Villager (Male) |
| 3:18 | Queue | Villager (Male) |
| 3:47 | Queue | Villager (Male) |
| 4:24 | Queue | Villager (Male) |
| 4:46 | Queue | Villager (Male) |
| 5:11 | Queue | Villager (Male) |
| 5:32 | Queue | Villager (Male) |
| 6:07 | Queue | Villager (Male) |
| 6:24 | Build | Lumber Camp |
| 6:34 | Queue | Villager (Male) |
| 6:59 | Research | Loom |
| 7:26 | Research | Feudal Age |
| 8:00 | Build | Barracks |
| 8:41 | Build | Mill |
| 8:42 | Queue | Militia |
| 8:43 | Queue | Militia |
| 8:50 | Build | House |
| 8:56 | Queue | Militia |
| 9:35 | Age | Feudal Age |
| 9:39 | Build | Mining Camp |
| 9:39 | Queue | Villager (Male) |
| 9:49 | Research | Man-at-Arms (upgrade) |
| 10:07 | Queue | Villager (Male) |
| 10:17 | Build | House |
| 10:24 | Build | Farm |
| 10:27 | Queue | Villager (Male) |
| 10:30 | Build | House |
| 10:54 | Queue | Villager (Male) |
| 11:21 | Queue | Villager (Male) |
| 11:23 | Build | Archery Range |
| 11:32 | Queue | Villager (Male) |
| 11:47 | Queue | Villager (Male) |
| 12:03 | Build | Farm |
| 12:09 | Queue | Archer |
| 12:10 | Build | House |
| 12:39 | Build | Blacksmith |
| 12:39 | Queue | Villager (Male) |
| 12:44 | Queue | Archer |
| 12:48 | Build | Farm |
| 12:56 | Build | Farm |
| 13:04 | Queue | Villager (Male) |
| 13:18 | Build | Farm |
| 13:24 | Queue | Archer |
| 13:27 | Research | Fletching |
| 13:34 | Build | Farm |
| 13:39 | Build | Farm |
| 13:39 | Queue | Villager (Male) |
| 13:44 | Build | Palisade Wall |
| 14:00 | Build | Farm |
| 14:03 | Queue | Villager (Male) |
| 14:08 | Queue | Skirmisher |
| 14:33 | Queue | Villager (Male) |
| 14:41 | Queue | Villager (Male) |
| 14:48 | Build | House |
| 14:55 | Build | Watch Tower |
| 15:05 | Queue | Skirmisher |
| 15:05 | Queue | Villager (Male) |
| 15:48 | Build | Palisade Wall |
| 15:48 | Build | Palisade Wall |
| 15:49 | Build | Palisade Wall |
| 15:51 | Queue | Villager (Male) |
| 16:08 | Build | House |
| 16:19 | Queue | Villager (Male) |
| 16:20 | Queue | Skirmisher |
| 16:33 | Build | House |
| 16:46 | Queue | Villager (Male) |
| 16:50 | Queue | Skirmisher |
| 16:55 | Queue | Villager (Male) |
| 17:12 | Queue | Villager (Male) |
| 17:28 | Build | Lumber Camp |
| 17:33 | Queue | Skirmisher |
| 17:39 | Build | Farm |
| 17:40 | Queue | Villager (Male) |
| 17:43 | Build | Farm |
| 17:52 | Research | Padded Archer Armor |
| 18:13 | Queue | Archer |
| 18:28 | Queue | Villager (Male) |
| 18:30 | Build | Market |
| 18:32 | Build | House |
| 18:33 | Build | Palisade Wall |
| 18:49 | Build | Farm |
| 18:50 | Queue | Villager (Male) |
| 18:52 | Build | Palisade Wall |
| 18:58 | Queue | Skirmisher |
| 19:37 | Queue | Villager (Male) |
| 19:45 | Build | House |
| 19:46 | Build | House |
| 19:49 | Build | Palisade Wall |
| 19:53 | Research | Castle Age |
| 20:03 | Build | Archery Range |
| 20:08 | Queue | Archer |
| 20:37 | Research | Padded Archer Armor |
| 20:52 | Queue | Archer |
| 21:05 | Build | Farm |
| 21:07 | Build | Farm |
| 21:19 | Build | Farm |
| 21:20 | Build | Farm |
| 21:25 | Queue | Archer |
| 21:25 | Queue | Archer |
| 21:29 | Build | House |
| 21:31 | Build | House |
| 21:58 | Queue | Skirmisher |
| 22:04 | Queue | Archer |
| 22:34 | Queue | Villager (Male) |
| 22:42 | Age | Castle Age |
| 22:47 | Build | Siege Workshop |
| 22:50 | Research | Crossbowman (upgrade) |
| 23:15 | Build | House |
| 23:16 | Queue | Mangonel |
| 23:23 | Build | House |
| 23:24 | Queue | Villager (Male) |
| 23:34 | Queue | Archer |
| 23:47 | Build | Archery Range |
| 23:57 | Queue | Archer |
| 24:00 | Queue | Archer |
| 24:09 | Queue | Villager (Male) |
| 24:10 | Queue | Villager (Male) |
| 24:16 | Queue | Archer |
| 24:25 | Queue | Archer |
| 24:27 | Build | Farm |
| 24:28 | Build | Farm |
| 24:32 | Queue | Villager (Male) |
| 24:44 | Queue | Archer |
| 24:48 | Queue | Villager (Male) |
| 24:52 | Build | House |
| 24:53 | Build | House |
| 24:58 | Build | Farm |
| 24:59 | Queue | Villager (Male) |
| 25:01 | Build | Farm |
| 25:02 | Queue | Archer |
| 25:05 | Queue | Archer |
| 25:18 | Build | Farm |
| 25:29 | Research | Double-Bit Axe |
| 25:31 | Queue | Archer |
| 25:49 | Queue | Archer |
| 25:50 | Queue | Archer |
| 26:13 | Queue | Mangonel |
| 26:18 | Build | House |
Match timeline
| 4:47 | 復健中 · wall_segment Palisade Wall x1 |
| 4:48 | 復健中 · wall_segment Palisade Wall x1 |
| 6:05 | 復健中 · wall_segment Palisade Wall x4 |
| 6:08 | 復健中 · wall_segment Palisade Wall x1 |
| 6:34 | 復健中 · wall_segment Palisade Wall x1 |
| 6:38 | 復健中 · wall_segment Palisade Wall x1 |
| 6:40 | 復健中 · wall_segment Palisade Wall x1 |
| 6:40 | 復健中 · wall_segment Palisade Wall x1 |
| 6:41 | 復健中 · wall_segment Palisade Wall x1 |
| 7:58 | 復健中 · first_building Barracks |
| 8:00 | Yess Alang · first_building Barracks |
| 8:00 | 復健中 · wall_segment Palisade Wall x5 |
| 8:50 | 復健中 · age_up feudal |
| 9:09 | 復健中 · first_building Archery Range |
| 9:35 | Yess Alang · age_up feudal |
| 11:23 | Yess Alang · first_building Archery Range |
| 13:44 | Yess Alang · wall_segment Palisade Wall x1 |
| 15:48 | Yess Alang · wall_segment Palisade Wall x1 |
| 15:48 | Yess Alang · wall_segment Palisade Wall x1 |
| 15:49 | Yess Alang · wall_segment Palisade Wall x1 |
| 16:29 | 復健中 · wall_segment Palisade Wall x1 |
| 16:30 | 復健中 · wall_segment Palisade Wall x1 |
| 18:33 | Yess Alang · wall_segment Palisade Wall x5 |
| 18:52 | Yess Alang · wall_segment Palisade Wall x6 |
| 19:01 | 復健中 · age_up castle |
| 19:40 | Yess Alang · first_market_buy 100 food |
| 19:49 | Yess Alang · wall_segment Palisade Wall x8 |
| 19:55 | 復健中 · wall_segment Palisade Wall x1 |
| 19:58 | 復健中 · wall_segment Palisade Wall x1 |
| 20:42 | 復健中 · first_building Siege Workshop |
| 22:42 | Yess Alang · age_up castle |
| 22:47 | Yess Alang · first_building Siege Workshop |
| 24:15 | 復健中 · first_building Stable |
| 28:58 | Yess Alang · first_market_sell 100 wood |
| 33:37 | Yess Alang · resign |
[ AI ANALYSIS · 1 CREDIT ]
What really happened in this match?
Wolo.gg analyzes every decision: build order, eco, micro, common mistakes by bracket. Personalized analysis on WhatsApp or Discord in 30 seconds.
Civ guide
Gurjaras
Perfil
Jugador #11400923